 Dungeon Crawl Stone Soup version 0.19.1 (webtiles) character file.

114 lorenzova the Conjurer (level 4, -3/24 HPs)
             Began as a Deep Elf Conjurer on Nov 28, 2016.
             Slain by an orc
             ... wielding a +0 trident
              (6 damage)
             ... on level 3 of the Dungeon.
             The game lasted 00:03:25 (2232 turns).

lorenzova the Conjurer (Deep Elf Conjurer)          Turns: 2232, Time: 00:03:26

Health: -3/24      AC:  2    Str: 10    XL:     4   Next: 66%
Magic:  5/13       EV: 13    Int: 21    God:
Gold:   134        SH:  0    Dex: 15    Spells: 2 memorised, 8 levels left

rFire  . . .     SeeInvis .     o - +1 dagger (elec)
rCold  . . .     Gourm    .     a - +0 robe
rNeg   . . .     Faith    .     (no shield)
rPois  .         Spirit   .     (no helmet)
rElec  .         Reflect  .     (no cloak)
rCorr  .         Harm     .     (no gloves)
MR     .....                    (no boots)
Stlth  ++........               (no amulet)
                                (no ring)
                                p - +5 ring of strength

@: no status effects
A: no striking features
a: no special abilities


You were on level 3 of the Dungeon.
You were not hungry.

You visited 1 branch of the dungeon, and saw 3 of its levels.

You collected 134 gold pieces.

Inventory:

Hand Weapons
 o - a +1 dagger of electrocution (weapon)
Armour
 a - a +0 robe (worn)
Jewellery
 p - a +5 ring of strength (left hand)
Scrolls
 e - 3 scrolls of identify {unknown}
 g - 2 scrolls of immolation {unknown}
 h - 2 scrolls of teleportation {unknown}
 j - a scroll of remove curse {unknown}
 l - 2 scrolls of enchant armour {unknown}
 m - a scroll of magic mapping {unknown}
 q - a scroll of noise {unknown}
 s - a scroll of blinking {unknown}
 v - a scroll of enchant weapon {unknown}
Potions
 d - 3 potions of lignification {unknown}
 i - a potion of flight {unknown}
 k - 2 potions of invisibility {unknown}
 n - a potion of haste {unknown}
 t - a potion of mutation {unknown}
Books
 b - a book of Conjurations

   Spells                             Type                      Level
   a - Magic Dart                     Conjuration                  1
   b - Searing Ray                    Conjuration                  2
   c - Dazzling Spray                 Conjuration/Hexes            3
   d - Fulminant Prism                Conjuration/Hexes            4
   e - Iskenderun's Mystic Blast      Conjuration                  4
   f - Iskenderun's Battlesphere      Conjuration/Charms           5
Comestibles
 c - 2 bread rations
 f - a beef jerky
 r - a meat ration


   Skills:
 - Level 2.4 Dodging
 - Level 2.4 Stealth
 + Level 5.3 Spellcasting
 + Level 5.5 Conjurations


You had 8 spell levels left.
You knew the following spells:

 Your Spells              Type           Power        Failure   Level  Hunger
a - Magic Dart            Conj           ####         1%          1    None
b - Iskenderun's Mystic   Conj           ####....     14%         4    ####...


Dungeon Overview and Level Annotations

Branches:
Dungeon (3/15)

Altars:
Dithmenos
Qazlal
Sif Muna
Xom


Message History

You hit the orc.
The orc is heavily wounded.
The orc completely misses you.
You hit the orc.
There is a sudden explosion of sparks!
You kill the orc!
The orc hits you from afar with a trident.
* * * LOW HITPOINT WARNING * * *
Things that are here:
a hand axe; an orc corpse You are too injured to fight recklessly!
You are too injured to fight recklessly!
The orc hits you from afar with a trident.
* * * LOW HITPOINT WARNING * * *
A bat comes into view.
The bat closely misses you.
You hit the bat.
The bat is heavily wounded.
The bat closely misses you.
The orc hits you from afar with a trident.
You die...

#.# #.......# ## #.#
####.#### # #.### #.......# #
##.#.##### #.##..#.# ##
#........# #.###.#.# ##.
#....#.#.# #.###.#.# ##..
#.#...##)# #.......#####...
###....###.###.........##....
#.....)...o.@...........'....
###........###.###.#.#.##....
###.#.#### #.# #...#.###...
###.# #.####.##.# ##.. #.#
#.........# ##. #.#
######.#### ## #.#
#.######### #.# #.........#
#.# #..######.#


You could see an orc.

Vanquished Creatures
  An orc priest (D:3)
  An adder (D:2)
  3 oozes
  3 dart slugs (D:1)
  6 orcs (D:3)
  7 bats
  2 giant cockroaches (D:2)
  3 goblins
  6 hobgoblins
  3 jackals (D:1)
  3 quokkas
  A ball python (D:1)
  3 frilled lizards
  3 kobolds
  5 rats
50 creatures vanquished.

Notes
Turn   | Place    | Note
-------+----------+-------------------------------------------
     0 | D:1      | lorenzova the Deep Elf Conjurer began the quest for the Orb.
     0 | D:1      | Reached XP level 1. HP: 10/10 MP: 6/6
   181 | D:1      | Reached XP level 2. HP: 15/15 MP: 6/8
   554 | D:1      | Reached XP level 3. HP: 19/19 MP: 7/10
  1034 | D:2      | Reached skill level 5 in Conjurations
  1093 | D:2      | Found a stormy altar of Qazlal.
  1705 | D:3      | Found a shimmering altar of Xom.
  1706 | D:3      | Found a deep blue altar of Sif Muna.
  1706 | D:3      | Found a shadowy altar of Dithmenos.
  1927 | D:3      | Reached XP level 4. HP: 24/24 MP: 10/12
  1933 | D:3      | Learned a level 4 spell: Iskenderun's Mystic Blast
  2190 | D:3      | Reached skill level 5 in Spellcasting
  2232 | D:3      | Slain by an orc

Skill      XL: |  1  2  3  4 |
---------------+-------------+-----
Spellcasting   | 4 5 |  5.3
Conjurations   | 5 |  5.5
Dodging        | |  2.4
Stealth        | |  2.4

Action                   |  1- 3 |  4- 6 || total
-------------------------+-------+-------++-------
Melee: Dagger            |    17 |     4 ||    21
 Cast: Magic Dart        |    81 |    22 ||   103
  Eat: Chunk             |     2 |     2 ||     4
Armor: Robe              |     2 |       ||     2
Dodge: Dodged            |    20 |     4 ||    24
